 Dungeon Crawl Stone Soup version 0.30.0-21-gd299b56b3f (webtiles) character file.

Game seed: 4331206726063330843

842 qw the Chopper (level 8, -1/49 HPs)
             Began as a Gargoyle Fighter on June 2, 2023.
             Killed by divine providence
             ... invoked by an orc priest
              (13 damage)
             ... on level 5 of the Dungeon.
             The game lasted 00:01:57 (4092 turns).

qw the Chopper (Gargoyle Fighter)                   Turns: 4092, Time: 00:01:58

Health: -1/49      AC: 20    Str: 23    XL:     8   Next: 0%
Magic:  8/8        EV:  6    Int:  8    God:
Gold:   210        SH:  5    Dex: 15    Spells: 7/7 levels left

rFire   . . .        Y - +0 war axe
rCold   + . .        c - +0 buckler
rNeg    + . .        m - +0 plate armour "Beoj Teb" {rC+ Stlth+}
rPois   inf          f - +2 helmet
rElec   +            (no cloak)
rCorr   .            (no gloves)
SInv    +            (no boots)
Will    .....        (no amulet) Stlth
                     g - ring of see invisible
HPRegen 0.28/turn    n - +6 ring of dexterity
MPRegen 0.11/turn

%: no passive effects
@: no status effects
A: sickness immunity, AC +5, negative energy resistance 1, electricity
resistance, torment resistance 1, petrification resistance
a: no special abilities


You were on level 5 of the Dungeon.
You visited 2 branches of the dungeon, and saw 6 of its levels.

You collected 210 gold pieces.


Innate Abilities, Weirdness & Mutations

You are immune to sickness and miasma.
Your stone body is resilient. (AC +5)
You are immune to poison.
You resist negative energy. (rN+)
You are resistant to electric shocks. (rElec)
You are resistant to unholy torment.
You are immune to petrification.


   Skills:
 - Level 5.0 Fighting
 - Level 7.2 Axes
 - Level 0.2 Throwing
 + Level 3.6 Armour
 - Level 1.0 Dodging
 - Level 3.2 Shields


You had 7 spell levels left.
You didn't know any spells.
Your spell library was empty.

Inventory:

Hand Weapons
 j - a +0 flail
 Y - a +0 war axe (weapon)
Missiles
 h - 3 boomerangs (quivered)
Armour
 c - a +0 buckler (worn)
 f - a +2 helmet (worn)
 m - the +0 plate armour "Beoj Teb" (worn) {rC+ Stlth+}
   (You found it on level 5 of the Dungeon)

   rC:        It protects you from cold.
   Stlth:     It makes you more stealthy.
Jewellery
 g - a ring of see invisible (left hand)
 n - a +6 ring of dexterity (right hand)
Scrolls
 a - a scroll of identify
Potions
 d - 2 potions of might
 e - a potion of attraction
 i - a potion of mutation
 k - a potion of lignification
 l - a potion of haste

Dungeon Overview and Level Annotations

Branches:
Dungeon (5/15)             Temple (1/1) D:5

Altars:
Ashenzari
Elyvilon
Fedhas
Gozag
Hepliaklqana
Nemelex Xobeh
Sif Muna
Trog
Vehumet
Xom

Shops:
D:1 (


Message History

The orc wizard barely misses you.
The orc priest calls down the wrath of Beogh upon you.
Beogh smites you!
You hit the orc wizard but do no damage.
The orc wizard is heavily wounded.
The orc wizard hits you but does no damage.
You closely miss the orc wizard.
The orc wizard is heavily wounded.
The orc wizard hits you with a +0 dagger.
The orc priest mumbles some strange prayers to Beogh against you.
Beogh smites you!
You closely miss the orc wizard.
The orc wizard is heavily wounded.
You block the orc wizard's attack.
You hit the orc wizard.
The orc wizard is heavily wounded.
You block the orc wizard's attack.
You barely miss the orc wizard.
The orc wizard is heavily wounded.
The orc wizard hits you but does no damage.
The orc priest calls down the wrath of Beogh upon you.
The orc wizard struggles to resist.
The orc wizard hits you but does no damage.
You closely miss the orc wizard.
The orc wizard is heavily wounded.
You block the orc wizard's attack.
You slash the orc wizard!
You kill the orc wizard!
You have reached level 8!
You feel stronger.
You hit the orc.
The orc is moderately wounded.
The orc barely misses you.
The orc priest mumbles some strange prayers to Beogh against you.
Beogh smites you!
You barely miss the orc.
The orc is moderately wounded.
The orc hits you but does no damage.
The orc priest invokes the aid of Beogh against you.
Beogh smites you!
You die...

##.....+.#>#.'.#.#
##......#.#'#.#.#.#
#.......#.....#...####
+.......###'###.......
#...........##...#.###
#..!....######....#
##..<..## #.####
##...## #.# ##@## #.#
#o# #.#


.oo #.# #..#. #.# #....# .... . .... .# ....## # You could see an orc priest and
2 orcs.

Vanquished Creatures
  An ice beast (D:5)
  A black bear (D:4)
  2 phantoms
  A scorpion (D:3)
  2 jellies (D:4)
  3 hounds (D:4)
  An iguana (D:4)
  Ijyb (D:3)
  3 orc wizards
  Robin (D:3)
  7 adders
  A white imp (D:4)
  An ufetubus (D:4)
  11 orcs
  3 ball pythons
  2 bats (D:2)
  12 endoplasms
  11 giant cockroaches
  10 goblins
  4 hobgoblins
  10 kobolds
  4 quokkas (D:1)
  A frilled lizard (D:3)
  5 rats (D:2)
98 creatures vanquished.

Notes
Turn   | Place    | Note
-------+----------+-------------------------------------------
     0 | D:1      | qw the Gargoyle Fighter began the quest for the Orb.
     0 | D:1      | Reached XP level 1. HP: 14/14 MP: 1/1
     0 | D:1      | 0 ||| qw: Version: 0.2-a-102-gdf20003
     0 | D:1      | 0 ||| qw: Game counter: 820
     0 | D:1      | 0 ||| qw: Always use a shield: true
     0 | D:1      | 0 ||| qw: God list: Okawaru
     0 | D:1      | 0 ||| qw: Allow faded altars: false
     0 | D:1      | 0 ||| qw: Do Orc after D:15 true
     0 | D:1      | 0 ||| qw: Do second Lair branch before Depths: true
     0 | D:1      | 0 ||| qw: Lair rune preference: random
     0 | D:1      | 0 ||| qw: Plans: Normal, Zot:1-4, Slime:5, God:TSO, Crypt,
                  | Tomb, Pan, Hells, Abyss, Win
     0 | D:1      | 0 ||| PLANNING D:1-11
    10 | D:1      | 10 ||| Stepping ~*~*~tactically~*~*~ (hiding).
    12 | D:1      | 12 ||| Stepping ~*~*~tactically~*~*~ (hiding).
    13 | D:1      | 13 ||| Stepping ~*~*~tactically~*~*~ (hiding).
    53 | D:1      | 53 ||| Stepping ~*~*~tactically~*~*~ (stealth).
    62 | D:1      | Reached skill level 2 in Axes
   115 | D:1      | Found a faded altar of an unknown god.
   414 | D:1      | Reached XP level 2. HP: 19/19 MP: 2/2
   447 | D:1      | 447 ||| Stepping ~*~*~tactically~*~*~ (stealth).
   450 | D:1      | 450 ||| Stepping ~*~*~tactically~*~*~ (stealth).
   453 | D:1      | 453 ||| Stepping ~*~*~tactically~*~*~ (stealth).
   468 | D:1      | 468 ||| DROPPING +0 club.
   495 | D:1      | 495 ||| Stepping ~*~*~tactically~*~*~ (stealth).
   622 | D:1      | Found Ribiz's Weapon Boutique.
   698 | D:1      | 698 ||| SHOPLISTING +1 morningstar of draining (156 gold,
                  | have 53).
   813 | D:1      | Reached skill level 3 in Axes
   975 | D:1      | 975 ||| READING scroll labelled OGU REXUKA.
  1076 | D:1      | 1076 ||| READING scroll labelled SAFE OK REASM.
  1077 | D:1      | 1077 ||| READING scroll labelled YFES WETTOUPEI.
  1078 | D:1      | 1078 ||| READING scroll labelled BIESOW ZOGIE.
  1079 | D:1      | 1079 ||| READING scroll labelled PUSMYI CAMY.
  1080 | D:1      | 1080 ||| READING scroll labelled BOKUEW IGRERPH.
  1146 | D:2      | Reached XP level 3. HP: 17/23 MP: 3/3
  1345 | D:2      | 1345 ||| Stepping ~*~*~tactically~*~*~ (hiding).
  1766 | D:2      | 1766 ||| Stepping ~*~*~tactically~*~*~ (hiding).
  1812 | D:2      | Found a broken altar of Ashenzari.
  2021 | D:2      | 2021 ||| READING scroll labelled UMIAX UMUHAQU.
  2022 | D:2      | 2022 ||| READING scroll labelled XOUZ HEWUYRIL.
  2023 | D:2      | 2023 ||| READING 3 scrolls of identify.
  2023 | D:2      | 2023 ||| IDENTIFYING smoky puce potion
  2024 | D:2      | 2024 ||| READING 2 scrolls of identify.
  2024 | D:2      | 2024 ||| IDENTIFYING viscous dark potion
  2044 | D:3      | 2044 ||| Stepping ~*~*~tactically~*~*~ (stealth).
  2050 | D:3      | 2050 ||| Stepping ~*~*~tactically~*~*~ (hiding).
  2051 | D:3      | 2051 ||| Stepping ~*~*~tactically~*~*~ (hiding).
  2073 | D:3      | Reached XP level 4. HP: 22/28 MP: 4/4
  2138 | D:3      | Noticed Robin
  2138 | D:3      | Noticed Ijyb
  2139 | D:3      | 2139 ||| Stepping ~*~*~tactically~*~*~ (stealth).
  2146 | D:3      | Reached skill level 4 in Axes
  2148 | D:3      | 2148 ||| Stepping ~*~*~tactically~*~*~ (hiding).
  2165 | D:3      | Killed Ijyb
  2175 | D:3      | Killed Robin
  2274 | D:3      | Reached XP level 5. HP: 32/32 MP: 5/5
  2403 | D:3      | Found a radiant altar of Vehumet.
  2447 | D:3      | 2447 ||| DROPPING +0 whip.
  2490 | D:3      | 2490 ||| DRINKING potion of curing.
  2490 | D:3      | 2490 ||| (to cure confusion)
  2500 | D:3      | Reached skill level 5 in Axes
  2564 | D:3      | Reached XP level 6. HP: 30/38 MP: 6/6
  2723 | D:3      | Identified the +3 quarterstaff "Hag Tole" {flame, rPois rF+
                  | Int-4}
  2724 | D:3      | 2724 ||| Stepping ~*~*~tactically~*~*~ (stealth).
  2739 | D:3      | 2739 ||| Stepping ~*~*~tactically~*~*~ (stealth).
  2962 | D:3      | 2962 ||| UPGRADING to +0 helmet.
  2967 | D:3      | 2967 ||| READING scroll labelled XALOKI UBRI.
  2968 | D:3      | 2968 ||| READING 5 scrolls of identify.
  2968 | D:3      | 2968 ||| IDENTIFYING fizzy blue potion
  2969 | D:3      | 2969 ||| READING 4 scrolls of identify.
  2969 | D:3      | 2969 ||| IDENTIFYING inky potion
  2970 | D:3      | 2970 ||| DROPPING potion of degeneration.
  3013 | D:4      | Reached skill level 1 in Dodging
  3024 | D:4      | 3024 ||| READING scroll of enchant armour.
  3024 | D:4      | 3024 ||| ENCHANTING +0 helmet.
  3385 | D:4      | 3385 ||| READING scroll of enchant armour.
  3385 | D:4      | 3385 ||| ENCHANTING +1 helmet.
  3453 | D:4      | 3453 ||| UPGRADING to ring of see invisible.
  3454 | D:4      | 3454 ||| READING 3 scrolls of identify.
  3454 | D:4      | 3454 ||| IDENTIFYING orange potion
  3455 | D:4      | 3455 ||| READING 2 scrolls of identify.
  3455 | D:4      | 3455 ||| IDENTIFYING coppery potion
  3459 | D:5      | Entered Level 5 of the Dungeon
  3464 | D:5      | Noticed a black bear
  3465 | D:5      | 3465 ||| STAIRDANCE
  3468 | D:4      | Reached skill level 6 in Axes
  3471 | D:4      | Reached XP level 7. HP: 17/43 MP: 7/7
  3585 | D:5      | 3585 ||| STAIRDANCE
  3656 | D:5      | Identified the +0 plate armour "Beoj Teb" {rC+ Stlth+}
  3674 | D:5      | Found a blossoming altar of Fedhas.
  3688 | D:5      | 3688 ||| DROPPING +1 heavy hand axe.
  3698 | D:5      | 3698 ||| Stepping ~*~*~tactically~*~*~ (stealth).
  3699 | D:5      | 3699 ||| Stepping ~*~*~tactically~*~*~ (stealth).
  3738 | D:5      | Reached skill level 7 in Axes
  3830 | D:5      | Found a staircase to the Ecumenical Temple.
  3831 | D:5      | 3831 ||| PLANNING TEMPLE
  3845 | D:5      | 3845 ||| UPGRADING to +0 plate armour "Beoj Teb" {rC+
                  | Stlth+}.
  3855 | D:5      | 3855 ||| DROPPING +0 scale mail.
  3856 | D:5      | 3856 ||| UPGRADING to +6 ring of dexterity.
  3869 | Temple   | Entered the Ecumenical Temple
  4053 | Temple   | 4053 ||| PLANNING D:1-11
  4091 | D:5      | Reached XP level 8. HP: 18/49 MP: 8/8
  4091 | D:5      | HP: 11/49 [orc priest/divine providence (7)]
  4092 | D:5      | Killed from afar by an orc priest

Levels and vault maps discovered:
D:1:      amcnicky_arrival_blooded_trapdoor, layout_basic,
          shapermc_ecumenical_altar_pompeii, serial_shops, shop,
          serial_park_tiny_2
D:2:      layout_basic, basic_altar, minmay_misc_feat_ornament,
          chequers_arboretum, minmay_pentomino_z4
D:3:      minmay_roachtagon, layout_loops_ring, nicolae_vehumet_altar_sigil,
          nicolae_goblin_pals
D:4:      layout_rooms
D:5:      layout_loops_corners, mainiacjoe_overflow_catwalk,
          minmay_temple_entry_glassed_door, st_stairs_11
Temple:   nicolae_temple_bog_church

Skill      XL: |  1  2  3  4  5  6  7 |
---------------+----------------------+-----
Axes           | 2 3 4 5 6 7 |  7.2
Fighting       | 4 5 |  5.0
Dodging        | 1 |  1.0
Throwing       | |  0.2
Armour         | |  3.6
Shields        | |  3.2

Action                     |  1- 3 |  4- 6 |  7- 9 || total
---------------------------+-------+-------+-------++-------
  Melee: War axe           |   115 |   144 |    56 ||   315
  Throw: Boomerang         |       |    24 |     5 ||    29
    Use: Scroll            |    10 |     7 |       ||    17
         Potion            |       |     1 |       ||     1
 Armour: Scale mail        |    55 |    97 |    43 ||   195
         Plate armour      |       |       |     8 ||     8
  Dodge: Dodged            |    48 |    72 |    25 ||   145
  Block: Buckler           |    18 |    34 |    20 ||    72

Table legend:
 A = Non-vault XP
 B = Vault XP
 C = Vault XP percentage of total XP
 D = Non-vault monster count
 E = Vault monster count
 F = Vault count percentage of total count
                 A         B        C        D         E       F
            +---------+---------+-------+---------+---------+-------
      Total |     980 |     223 |  18.5 |      75 |      23 |  23.5
            +---------+---------+-------+---------+---------+-------
        D:1 |      32 |       0 |   0.0 |      18 |       0 |   0.0
        D:2 |      19 |       4 |  17.4 |      13 |       3 |  18.8
        D:3 |     226 |      77 |  25.4 |      22 |      16 |  42.1
        D:4 |     384 |     129 |  25.1 |      15 |       3 |  16.7
        D:5 |     319 |      13 |   3.9 |       7 |       1 |  12.5
            +---------+---------+-------+---------+---------+-------
